AoeStats
← HK | Jai Guru Deva

Arabia

510660716Analyzed
1v1 RM · 1d ago on Oct 2, 2026· 44m 14s· 2 players
Game mode
Random Map
Map size
Tiny (2 player)
Population
200
Speed
Normal
Resources
Standard
Victory
Conquest
Starting age
Dark Age
Ending age
Imperial Age
RankedLock teamsTeams togetherTeam positionsShared explorationLock speedFull tech treeHidden civsTurbo modeCheats
Victory
Defeat
🇲🇽 Byzantines · Mexico
1391
+18
🇨🇱 Persians · Chile
1440
-18
Pollo_congelao
6:34 Loom
9:09 Feudal Age
9:53 Double-Bit Axe
10:45 Horse Collar
23:15 Castle Age
21:44 Fletching
22:40 Scale Barding Armor
24:58 Husbandry
26:04 Wheelbarrow
28:53 Bloodlines
30:30 Hand Cart
31:25 Forging
35:09 Iron Casting
37:47 Bow Saw
37:57 Bodkin Arrow
38:03 Crossbowman
42:36 Imperial Age
40:56 Padded Archer Armor
42:28 Parthian Tactics
42:13 Thumb Ring
42:33 Heavy Plow
42:29 Heavy Cavalry Archer
HK | Jai Guru Deva
7:15 Loom
9:43 Feudal Age
11:04 Man-at-Arms
14:32 Double-Bit Axe
15:56 Horse Collar
18:51 Fletching
19:39 Wheelbarrow
21:32 Castle Age
20:21 Padded Archer Armor
21:20 Wheelbarrow
22:45 Scale Barding Armor
25:27 Chain Barding Armor
30:22 Scale Mail Armor
30:33 Forging
32:19 Forging
33:18 Chain Mail Armor
33:39 Iron Casting
33:26 Pikeman
40:29 Imperial Age
38:01 Squires
37:46 Arson
38:20 Gambesons
39:17 Bow Saw
39:14 Heavy Plow
40:31 Capped Ram
40:40 Halberdier
41:50 Siege Ram
42:48 Light Cavalry
Connection lost

Rejoining the realm…

Still unreachable

The connection could not be restored.

Session expired

The server has moved on; the page needs a fresh start.